 Dungeon Crawl Stone Soup version 0.26-a0-200-g62faa89a7e (webtiles) character file.

Game seed: 14330526798189074084

508 Flugkiller the Tainter (level 7, -3/41 HPs)
             Began as an Octopode Venom Mage on July 5, 2020.
             Was an Initiate of Cheibriados.
             Slain by a water moccasin zombie (7 damage)
             ... on level 6 of the Dungeon.
             The game lasted 00:19:10 (1498 turns).

Flugkiller the Tainter (Octopode Venom Mage)        Turns: 1498, Time: 00:19:10

Health: -3/41      AC:  1    Str:  9    XL:     7   Next: 18%
Magic:  11/11      EV: 13    Int: 20    God:    Cheibriados [......]
Gold:   10         SH:  0    Dex: 13    Spells: 2/12 levels left

rFire    . . .     SeeInvis .   s - +1 broad axe (vorpal)
rCold    . . .     Faith    .   (no shield)
rNeg     . . .     Spirit   .   (helmet restricted)
rPois    .         Reflect  .   q - amulet of magic regeneration
rElec    .         Harm     .   n - ring of protection from magic
rCorr    .                      (no ring)
MR       +....                  (no ring)
Stlth    +++.......             (no ring)
HPRegen  0.13/turn              (no ring)
MPRegen  0.37/turn              (no ring)
                                (no ring)
                                (no ring)

@: stab, very slow
A: almost no armour, stealthy swim, amphibious, 8 rings, constrict 8, camouflage
1, gelatinous body 1
a: Bend Time, Renounce Religion


You were on level 6 of the Dungeon.
You worshipped Cheibriados.
Cheibriados was noncommittal.
You were not hungry.

You visited 2 branches of the dungeon, and saw 7 of its levels.

You collected 171 gold pieces.
You spent 161 gold pieces at shops.

Inventory:

Hand Weapons
 c - a +0 dagger
   (You took it off a goblin on level 1 of the Dungeon)
 m - a +1 trident of protection
   (You took it off an orc on level 4 of the Dungeon)
 s - a +1 vorpal broad axe (weapon)
   (You bought it in a shop on level 5 of the Dungeon)
Missiles
 g - 39 arrows
Jewellery
 n - a ring of protection from magic (left tentacle)
   (You found it on level 4 of the Dungeon)
 q - an amulet of magic regeneration (around mantle)
   (You found it on level 5 of the Dungeon)
Wands
 p - a wand of random effects (13)
   (You found it on level 4 of the Dungeon)
 u - a wand of flame (19)
   (You found it on level 6 of the Dungeon)
Scrolls
 a - a scroll of fog {unknown}
 h - a scroll of fear {unknown}
 i - 2 scrolls of remove curse
 k - a scroll of amnesia {unknown}
 l - a scroll of blinking {unknown}
 o - a scroll of identify
Potions
 d - a potion of curing {unknown}
 e - a potion of magic
 f - a potion of invisibility {unknown}
 j - a potion of haste {unknown}
 r - a potion of flight {unknown}
 t - a potion of cancellation {unknown}
Comestibles
 b - 7 rations


   Skills:
 - Level 2.0 Dodging
 - Level 2.6 Stealth
 - Level 3.1 Spellcasting
 - Level 1.0 Transmutations
 + Level 9.0 Poison Magic


You had 2 spell levels left.
You knew the following spells:

 Your Spells              Type           Power        Failure   Level  Hunger
a - Sting                 Tmut/Pois      ###.         1%          1    None
b - Poisonous Vapours     Pois/Air       ###...       3%          2    ##.....
c - Ignite Poison         Fire/Tmut/Pois ###.....     11%         3    ###....
d - Olgreb's Toxic Radia  Pois           #####...     3%          4    ####...

Your spell library contained the following spells:

 Spells                   Type           Power        Failure   Level  Hunger
 Mephitic Cloud           Conj/Pois/Air  ###.....     12%         3    ###....


Dungeon Overview and Level Annotations

Branches:
Dungeon (6/15)             Temple (1/1) D:6

Altars:
Ashenzari
Cheibriados
Elyvilon
Fedhas
Gozag
Kikubaaqudgha
Makhleb
Nemelex Xobeh
Okawaru
Qazlal
Ru
Xom
Zin
The Shining One

Shops:
D:5 (*

Annotations:
D:2 Natasha


Innate Abilities, Weirdness & Mutations

You cannot wear most types of armour.
You are very stealthy in the water. (Stealth+)
You are amphibious.
You can wear up to eight rings at the same time.
You can use your tentacles to constrict eight enemies at once.
Your skin changes colour to match your surroundings (Stealth+).
Your rubbery body absorbs attacks. (AC +1, EV +1)


Message History

The bullfrog skeleton is severely damaged.
You constrict the bullfrog skeleton. The bullfrog skeleton hits you.
* * * LOW HITPOINT WARNING * * *
The bullfrog skeleton hits you.
* * * LOW HITPOINT WARNING * * *
You hit the bullfrog skeleton.
You destroy the bullfrog skeleton!
Cheibriados thoroughly appreciates the change of pace.
Your Poison Magic skill increases to level 9!
Unknown command.
Found a fizzy black potion.
Found an escape hatch in the floor.
v - a fizzy black potion
Found 20 stones.
Found 18 gold pieces.
Found 8 gold pieces.
A water moccasin zombie comes into view.
Evoke which item? (* to show all) (? for menu, Esc to quit)
That's the wrong kind of item! (Use * to select it.) Evoke which item? (* to show all) (? for menu, Esc to quit)
Okay, then.
Unknown command.
Evoke which item? (* to show all) (? for menu, Esc to quit)
Okay, then.
Okay, then.
As you read the scroll labeled XOACVYRRUPPA, it crumbles to dust.
You feel blessed for a moment.
It was a scroll of remove curse.
As you read the scroll labeled JIQOLI XETUOXYCH, it crumbles to dust.
It is a scroll of identify.
e - a potion of magic It was a potion of stabbing.
You feel ready to backstab.
You closely miss the water moccasin zombie.
You grab the water moccasin zombie.
You constrict the water moccasin zombie.
The water moccasin zombie bites you but does no damage.
The water moccasin zombie bites you!
* * * LOW HITPOINT WARNING * * *
You hit the water moccasin zombie. You squeeze the water moccasin zombie.
The water moccasin zombie is moderately damaged.
You constrict the water moccasin zombie.
The water moccasin zombie bites you.
* * * LOW HITPOINT WARNING * * *
The water moccasin zombie bites you.
* * * LOW HITPOINT WARNING * * *
You slash the water moccasin zombie!
The water moccasin zombie is heavily damaged.
You constrict the water moccasin zombie.
The water moccasin zombie bites you!
You die...

###.(....##... . .
..$#.....#..# # ..
......... #
...####....# ##
#.........## ##.
##........###### ##..
####............###...
#...##Z.###....###...#
#...#.@#.#.#...##......
#........>..........8.8
#......#.......#.....⌠.
###...$###.....##.#.8.>
#...... #.....####..⌠.
###.... ##....##...8.8
#.... ##...##......
###### #..........#
###..........


You could see a water moccasin zombie.

Vanquished Creatures
  A scorpion (D:4)
  2 hounds
  2 jellies (D:5)
  An orc wizard (D:5)
  3 bullfrog skeletons
  4 worker ants
  A howler monkey skeleton (D:4)
  A gnoll (D:2)
  4 adders
  An ufetubus (D:6)
  5 leopard geckos
  13 orcs
  7 giant cockroaches
  3 goblins
  3 hobgoblins
  3 jackals (D:6)
  2 quokkas
  A ball python (D:2)
  5 bats
  A giant cockroach zombie (D:5)
  4 kobolds
  A quokka zombie (D:6)
  5 rats
73 creatures vanquished.

Vanquished Creatures (others)
  5 dream sheep (D:3)
5 creatures vanquished.

Grand Total: 78 creatures vanquished

Notes
Turn   | Place    | Note
-------+----------+-------------------------------------------
     0 | D:1      | Flugkiller the Octopode Venom Mage began the quest for the
                  | Orb.
     0 | D:1      | Reached XP level 1. HP: 11/11 MP: 3/3
    78 | D:1      | Reached XP level 2. HP: 17/17 MP: 0/5
    84 | D:1      | Reached skill level 4 in Poison Magic
   182 | D:2      | Noticed Natasha
   215 | D:2      | Reached XP level 3. HP: 15/21 MP: 0/7
   232 | D:2      | Learned a level 2 spell: Poisonous Vapours
   313 | D:3      | Noticed a dream sheep
   313 | D:3      | Noticed a dream sheep
   313 | D:3      | Noticed a dream sheep
   313 | D:3      | Noticed a dream sheep
   313 | D:3      | Noticed a dream sheep
   313 | D:3      | Found a shimmering altar of Xom.
   318 | D:3      | Killed a dream sheep
   318 | D:3      | Killed a dream sheep
   319 | D:3      | Killed a dream sheep
   319 | D:3      | Killed a dream sheep
   321 | D:3      | Killed a dream sheep
   450 | D:2      | Reached XP level 4. HP: 17/27 MP: 2/8
   467 | D:3      | Learned a level 4 spell: Olgreb's Toxic Radiance
   489 | D:3      | Reached skill level 5 in Poison Magic
   696 | D:4      | Reached skill level 6 in Poison Magic
   696 | D:4      | Reached XP level 5. HP: 31/31 MP: 3/9
   733 | D:4      | Learned a level 3 spell: Ignite Poison
   754 | D:4      | Found an iron altar of Okawaru.
   781 | D:4      | Reached skill level 7 in Poison Magic
   791 | D:4      | Reached XP level 6. HP: 26/36 MP: 6/10
   864 | D:4      | Found an ancient bone altar of Kikubaaqudgha.
   896 | D:5      | Entered Level 5 of the Dungeon
   909 | D:5      | Found an opulent altar of Gozag.
   937 | D:5      | Found a blossoming altar of Fedhas.
   977 | D:5      | Found Btzets's Bounteous Boutique.
  1033 | D:5      | Reached skill level 8 in Poison Magic
  1039 | D:5      | Found a glowing silver altar of Zin.
  1049 | D:5      | Found Vazisofyck's Antique Weapon Boutique.
  1209 | D:5      | Reached XP level 7. HP: 8/41 MP: 9/11
  1255 | D:5      | Bought a glowing broad axe for 161 gold pieces
  1301 | D:6      | Found a staircase to the Ecumenical Temple.
  1312 | Temple   | Entered the Ecumenical Temple
  1370 | Temple   | Became a worshipper of Cheibriados the Contemplative
  1458 | D:6      | Reached skill level 9 in Poison Magic
  1498 | D:6      | Slain by a water moccasin zombie

Illustrated notes

Levels and vault maps discovered:
D:1:      dpeg_arrival_tiny_j, layout_loops_ring
D:2:      minmay_angry_zag, layout_basic, serial_undead, serial_undead_e,
          serial_undead_c, serial_undead_e, serial_undead_f,
          ebering_dispersal_statue_hall, uniq_natasha
D:3:      layout_loops_corners, lemuel_round_altar, first_ration,
          kb_xom_exploding_sheep, uniq_jessica
D:4:      layout_cave_pools, kiku_gazebo_garden_becter,
          okawaru_ov_weapons_minmay
D:5:      layout_cave_pools, fedhas_altar_1, grunt_gozag_statues,
          nicolae_overflow_crystal_walls, serial_shops,
          nicolae_shop_behind_doors, nicolae_alphabet_shops
D:6:      layout_cave_pools, marbit_many_paths,
          minmay_temple_entry_statues_fountains,
          minmay_fractal_squares_diagonal_5, uniq_blork_the_orc
Temple:   oiseaux_autumnal_temple

Skill      XL: |  1  2  3  4  5  6  7 |
---------------+----------------------+-----
Poison Magic   | 4 6 7 8 9 |  9.0
Spellcasting   | 3 |  3.1
Dodging        | |  2.0
Stealth        | |  2.6
Transmutations | |  1.0

Action                   |  1- 3 |  4- 6 |  7- 9 || total
-------------------------+-------+-------+-------++-------
Melee: Unarmed           |    11 |       |       ||    11
       Dagger            |     9 |    10 |       ||    19
       Tentacles         |     3 |     9 |     1 ||    13
       Constrict         |     4 |    12 |     4 ||    20
       Trident           |       |    29 |       ||    29
       Broad axe         |       |       |    12 ||    12
 Cast: Sting             |    29 |    10 |       ||    39
       Poisonous Vapours |     2 |    19 |       ||    21
       Olgreb's Toxic Ra |       |     3 |     1 ||     4
Evoke: Wand              |       |     1 |       ||     1
  Use: Scroll            |       |       |     2 ||     2
       Potion            |       |       |     1 ||     1
 Stab: Sleeping          |       |     2 |       ||     2
  Eat: Ration            |       |     1 |       ||     1
Armor: Skin              |     6 |     7 |     2 ||    15
Dodge: Dodged            |    28 |    21 |     8 ||    57

Table legend:
 A = Non-vault XP
 B = Vault XP
 C = Vault XP percentage of total XP
 D = Non-vault monster count
 E = Vault monster count
 F = Vault count percentage of total count
                 A         B        C        D         E       F
            +---------+---------+-------+---------+---------+-------
      Total |     727 |       0 |   0.0 |      73 |       0 |   0.0
            +---------+---------+-------+---------+---------+-------
        D:1 |      20 |       0 |   0.0 |      11 |       0 |   0.0
        D:2 |      60 |       0 |   0.0 |      17 |       0 |   0.0
        D:3 |      17 |       0 |   0.0 |       8 |       0 |   0.0
        D:4 |     251 |       0 |   0.0 |      14 |       0 |   0.0
        D:5 |     285 |       0 |   0.0 |      16 |       0 |   0.0
        D:6 |      94 |       0 |   0.0 |       7 |       0 |   0.0
            +---------+---------+-------+---------+---------+-------
